 Dungeon Crawl Stone Soup version 0.21.1-1-g345015f (webtiles) character file.

663 wojtek the Chopper (level 7, -5/61 HPs)
             Began as a Minotaur Fighter on July 8, 2018.
             Killed from afar by Dowan (17 damage)
             ... with a shard of ice
             ... on level 4 of the Dungeon.
             The game lasted 00:03:04 (2017 turns).

wojtek the Chopper (Minotaur Fighter)               Turns: 2017, Time: 00:03:06

Health: -5/61      AC: 12    Str: 22    XL:     7   Next: 31%
Magic:  6/6        EV:  7    Int:  5    God:
Gold:   131        SH: 12    Dex: 10    Spells: 6/6 levels left

rFire    . . .     SeeInvis .   a - +0 war axe
rCold    . . .     Gourm    .   v - +2 shield
rNeg     . . .     Faith    .   m - +0 chain mail
rPois    .         Spirit   .   u - +0 hat
rElec    .         Reflect  .   (no cloak)
rCorr    .         Harm     .   r - +1 pair of gloves
MR       .....                  (no boots)
Stlth    ..........             (no amulet)
HPRegen  0.20/turn              (no ring)
MPRegen  0.10/turn              (no ring)

@: no status effects
A: retaliatory headbutt, horns 2
a: no special abilities


You were on level 4 of the Dungeon.
You were not hungry.

You visited 1 branch of the dungeon, and saw 4 of its levels.

You collected 131 gold pieces.

Inventory:

Hand Weapons
 a - a +0 war axe (weapon)
Missiles
 q - 4 javelins of returning (quivered)
Armour
 m - a +0 chain mail (worn)
 r - a +1 pair of gloves (worn)
 u - a +0 hat (worn)
 v - a +2 shield (worn)
Scrolls
 b - 2 scrolls of enchant armour {unknown}
 c - a scroll of fog {unknown}
 e - a scroll of enchant weapon {unknown}
 h - a scroll of identify {unknown}
 i - 8 scrolls of remove curse {unknown}
 k - a scroll of magic mapping {unknown}
 l - 2 scrolls of random uselessness {unknown}
 o - 2 scrolls of teleportation {unknown}
 x - a scroll of amnesia {unknown}
Potions
 d - a potion of might
 j - 2 potions of degeneration {unknown}
 n - a potion of ambrosia {unknown}
 p - 3 potions of heal wounds {unknown}
 s - a potion of flight {unknown}
 t - a potion of lignification {unknown}
 w - 2 potions of invisibility {unknown}
Comestibles
 f - 5 rations
 g - 4 chunks of flesh


   Skills:
 + Level 5.1 Fighting
 + Level 6.5 Axes
 + Level 5.1 Armour
 + Level 3.0 Dodging
 + Level 5.2 Shields


You had 6 spell levels left.
You didn't know any spells.

Dungeon Overview and Level Annotations

Branches:
Dungeon (4/15)
 Temple: D:4-7

Altars:
Qazlal

Annotations:
D:4 Dowan


Innate Abilities, Weirdness & Mutations

You reflexively headbutt those who attack you in melee.
You have a pair of horns on your head.


Message History

Dowan hits you but does no damage.
You slash Dowan!
Dowan is almost dead.
The bat hits you. Dowan hits you with a dagger. You block Dowan's attack.
Your shield and chain mail prevent you from hitting Dowan.
Your headbutt misses Dowan.
Dowan is almost dead.
The bat barely misses you. Dowan casts a spell at you.
The stone arrow hits you!
* * * LOW HITPOINT WARNING * * *
You block the bat's attack. Dowan hits you but does no damage.
You closely miss Dowan.
Dowan is almost dead.
You hit the bat.
You kill the bat!
You block Dowan's attack. Dowan gestures at you while chanting.
The shard of ice hits you!
You die...

...... ...### .....
........# .... #.......#
#... #.. .... #...
#.##...# #.!. #.##.#.#
####...####....#.#######
......e@............>...
####...####.####.##.#.##
......# #...............
##...% #.##.....###.#.#
#... #.##.....# #....
#... #.##.....# ##...
?... #.##.....# #...
.#.. #.##.....# ##..
#.##.....# #..


You could see Dowan.

Vanquished Creatures
  Sigmund (D:4)
  Duvessa (D:4)
  2 scorpions (D:4)
  A centaur skeleton (D:4)
  An orc priest (D:3)
  2 orc wizards (D:3)
  6 gnolls
  6 adders
  An ooze (D:1)
  An adder skeleton (D:3)
  6 worms
  A dart slug (D:3)
  3 orcs (D:3)
  4 giant cockroaches
  3 goblins
  4 hobgoblins
  2 jackals (D:2)
  2 ball pythons (D:2)
  9 bats
  8 frilled lizards
  9 kobolds
  8 rats
81 creatures vanquished.

Notes
Turn   | Place    | Note
-------+----------+-------------------------------------------
     0 | D:1      | wojtek the Minotaur Fighter began the quest for the Orb.
     0 | D:1      | Reached XP level 1. HP: 19/19 MP: 0/0
   148 | D:1      | Reached skill level 3 in Axes
   152 | D:1      | Reached XP level 2. HP: 22/26 MP: 1/1
   409 | D:1      | Reached skill level 4 in Axes
   699 | D:2      | Reached XP level 3. HP: 31/31 MP: 2/2
   969 | D:2      | Reached skill level 5 in Axes
  1411 | D:3      | Reached XP level 4. HP: 36/39 MP: 3/3
  1437 | D:3      | Found a stormy altar of Qazlal.
  1619 | D:3      | Reached XP level 5. HP: 38/46 MP: 4/4
  1624 | D:3      | Reached skill level 1 in Dodging
  1865 | D:4      | Reached XP level 6. HP: 47/52 MP: 5/5
  1904 | D:4      | Reached skill level 6 in Axes
  1989 | D:4      | Noticed Duvessa
  1989 | D:4      | Noticed Sigmund
  1992 | D:4      | Noticed Dowan
  1999 | D:4      | Killed Sigmund
  1999 | D:4      | Reached skill level 5 in Shields
  1999 | D:4      | Reached XP level 7. HP: 36/60 MP: 6/6
  2010 | D:4      | Killed Duvessa
  2010 | D:4      | Reached skill level 5 in Fighting
  2010 | D:4      | Reached skill level 5 in Armour
  2017 | D:4      | Killed from afar by Dowan

Skill      XL: |  1  2  3  4  5  6  7 |
---------------+----------------------+-----
Axes           | 3 4 5 6 |  6.5
Fighting       | 4 5 |  5.1
Armour         | 4 5 |  5.1
Dodging        | 1 2 3 |  3.0
Shields        | 4 5 |  5.2

Action                   |  1- 3 |  4- 6 |  7- 9 || total
-------------------------+-------+-------+-------++-------
Melee: War axe           |   101 |    88 |    17 ||   206
       Headbutt          |    12 |    15 |     1 ||    28
Throw: Javelin           |     2 |       |       ||     2
  Eat: Chunk             |     2 |     2 |       ||     4
Armor: Scale mail        |    29 |       |       ||    29
       Chain mail        |    21 |    36 |    11 ||    68
Dodge: Dodged            |    29 |    21 |     5 ||    55
Block: Shield            |    57 |    57 |    17 ||   131
